 Dungeon Crawl Stone Soup version 0.28-a0-1395-g4f6bc678fa (webtiles) character file.

Game seed: 12110056212430522695

6664 Lekart the Cleaver (level 10, -4/96 HPs)
             Began as a Black Draconian Fighter on Jan 3, 2022.
             Was a Plaything of Xom.
             Slain by a hellwing (21 damage)
             ... on level 7 of the Dungeon on Jan 4, 2022.
             The game lasted 00:25:31 (11412 turns).

Lekart the Cleaver (Black Draconian Fighter)       Turns: 11412, Time: 00:25:31

Health: -4/96      AC:  8    Str: 19      XL:     10   Next: 73%
Magic:  10/10      EV: 15    Int:  8      God:    Xom [*.....]
Gold:   750        SH:  5    Dex: 13 (15) Spells: 9/9 levels left

rFire   + . .      SeeInvis .   a - +0 war axe (flame)
rCold   . . .      Faith    .   b - +0 buckler
rNeg    . . .      Spirit   .   (armour unavailable)
rPois   +          Reflect  .   (helmet restricted)
rElec   +          Harm     .   (no cloak)
rCorr   .          Rampage  .   (no gloves)
Will    .....                   h - +0 pair of boots
Stlth   +.........              (no amulet)
HPRegen 0.26/turn               (no ring)
MPRegen 0.12/turn               (no ring)

@: no status effects
A: breathe lightning, AC +7, unfitting armour, electricity resistance,
cold-blooded, hooves 1, horns 1, stinger 2, fire resistance 1, mutation
resistance 1, poison resistance, robust 1
a: Breathe Lightning, Renounce Religion


You were on level 7 of the Dungeon.
You worshipped Xom.
You were a special plaything of Xom.
You visited 2 branches of the dungeon, and saw 9 of its levels.
You also visited: Bailey.

You collected 750 gold pieces.

Inventory:

Hand Weapons
 a - a +0 war axe of flaming (weapon)
 f - a +1 dagger of electrocution
Missiles
 k - 17 boomerangs (quivered)
 q - 3 throwing nets
Armour
 b - a +0 buckler (worn)
 h - a +0 pair of boots (worn)
Wands
 j - a wand of polymorph (5)
 s - a wand of mindburst (11)
Scrolls
 c - 2 scrolls of teleportation
 d - a scroll of holy word
 g - a scroll of brand weapon
 n - a scroll of noise
 r - 4 scrolls of fog
Potions
 e - 4 potions of curing
 o - 3 potions of flight


   Skills:
 + Level 8.2 Fighting
 + Level 3.2 Short Blades
 + Level 10.2 Axes
 + Level 2.4 Throwing
 + Level 8.1 Dodging
 + Level 6.6 Shields
 + Level 0.4 Evocations


You had 9 spell levels left.
You didn't know any spells.
Your spell library contained the following spells:

 Spells                   Type           Power      Damage    Failure   Level
 Freeze                   Ice            0%         1d3       41%         1
 Confusing Touch          Hex            0%         N/A       78%         3
 Frozen Ramparts          Ice            0%         1d2       78%         3
 Hailstorm                Conj/Ice       0%         3d3       99%         4
 Iskenderun's Battlesphe  Conj           0%         2d6       100%        5
 Yara's Violent Unravell  Hex/Tmut       0%         3d3       100%        5
 Iron Shot                Conj/Erth      0%         9d1       100%        6
 Enfeeble                 Hex            0%         N/A       100%        7
 Spellforged Servitor     Conj/Summ      0%         N/A       100%        7


Dungeon Overview and Level Annotations

Branches:
Dungeon (8/15)             Temple (1/1) D:5          Bailey (visited)
   Lair: D:8-11

Altars:
Ashenzari
Cheibriados
Dithmenos
Elyvilon
Fedhas
Gozag
Hepliaklqana
Kikubaaqudgha
Nemelex Xobeh
Okawaru
Qazlal
Ru
Sif Muna
Trog
Uskayaw
Vehumet
Wu Jian
Xom
Yredelemnul
Zin
The Shining One

Shops:
D:4 [

Annotations:
D:6 exclusion: downstairs


Innate Abilities, Weirdness & Mutations

You can breathe wild blasts of lightning.
Your glossy black scales are hard. (AC +7)
You cannot fit into any form of body armour.
You are resistant to electric shocks. (rElec)
You are cold-blooded and may be slowed by cold attacks.
You have large cloven feet.
You have a pair of small horns on your head.
Your tail ends in a sharp venomous barb.
Your flesh is heat resistant. (rF+)
You are somewhat resistant to further mutation.
Your system is resistant to poisons. (rPois)
You are robust. (+10% HP)


Message History

The hellwing misses you. The hellwing closely misses you.
You hit the hellwing but do no damage. Your headbutt misses the hellwing.
You tail-slap the hellwing.
The hellwing is moderately wounded.
The hellwing hits you! The hellwing closely misses you.
You hit the hellwing but do no damage.
You headbutt the hellwing, but do no damage.
The hellwing is moderately wounded.
The hellwing barely misses you. The hellwing hits you.
You slash the hellwing! You burn the hellwing.
The hellwing is heavily wounded.
The hellwing hits you. The hellwing barely misses you.
You hit the hellwing but do no damage. You tail-slap the hellwing.
The hellwing is severely wounded.
The hellwing barely misses you. x2
You hit the hellwing. You burn the hellwing.
The hellwing is severely wounded.
The hellwing hits you.
* * * LOW HITPOINT WARNING * * *
The hellwing barely misses you. The hellwing barely misses your quasit.
The hellwing hits your quasit.
Your quasit barely misses the hellwing.
Your quasit claws the hellwing but does no damage. x2
The hellwing hits your quasit!
The hellwing hits your quasit. "This might be better!"
The hellwing seems to grow stronger.
Your quasit barely misses the hellwing.
Your quasit claws the hellwing but does no damage. x2
The hellwing hits your quasit.
Your quasit dies!
Your quasit disappears in a puff of smoke!
The hellwing gives a chilling moan.
The hellwing swoops through the air toward you!
The hellwing hits you!
* * * LOW HITPOINT WARNING * * *
The hellwing closely misses you. The hellwing barely misses you.
The hellwing hits you but does no damage.
The hellwing hits you!!
You die...
Xom chuckles heartily!

#.......#.....# ##..###..#.....#
#...##...##....#
##..............##
##...†.###........####
#......#.#......#....##
#####...#........###.....
#.#............#.........
##.......@......#.........
####.......4...#..##.......##
#..............##.##......###
#..................#.......## ###
##......#.##...........#.Z...
..###......#..#8...........#.#...
...##............8.........###...
...#####...............8...###...
..>.# #...)....88...P......##.#.


You could see a hellwing (strong).

Vanquished Creatures
  A hellwing (D:7)
  Prince Ribbit (D:6)
  Grinder (D:3)
  A meliai zombie (D:7)
  A wyvern (D:7)
  5 yaks (D:5)
  Menkaure (D:4)
  A water moccasin (D:6)
  8 orc warriors (Bailey)
  A swamp drake (D:7)
  2 ice beasts
  A necrophage (D:5)
  An ogre (D:6)
  A wolf (D:7)
  2 centaurs
  2 phantoms
  A bullfrog (D:6)
  Blork the orc (D:5)
  A gnoll sergeant (D:8)
  3 scorpions
  A water moccasin skeleton (D:6)
  3 killer bees (D:6)
  2 electric eels (D:6)
  4 wights
  4 howler monkeys
  4 centaur zombies
  A jelly (D:6)
  2 centaur skeletons
  2 gnoll shamans
  4 hounds
  An orc priest (D:4)
  Terence (D:2)
  3 orc wizards
  Natasha (thrice) (D:4)
  2 iguanas (D:7)
  A hound skeleton (D:5)
  Robin (D:1)
  5 adders
  21 gnolls
  A river rat (D:5)
  5 shadow imps
  A white imp (D:5)
  An ufetubus (D:6)
  An adder skeleton (D:4)
  A worm (D:4)
  2 dart slugs
  18 orcs
  7 endoplasms
  7 giant cockroaches
  19 goblins
  10 hobgoblins
  6 jackals
  17 kobolds
  4 quokkas
  5 ball pythons
  5 bats
  4 frilled lizards
  6 rats
221 creatures vanquished.

Vanquished Creatures (collateral kills)
  A gnoll (D:7)
1 creature vanquished.

Vanquished Creatures (others)
  A withered plant (D:7)
1 creature vanquished.

Grand Total: 223 creatures vanquished

Notes
Turn   | Place    | Note
-------+----------+-------------------------------------------
     0 | D:1      | Lekart the Draconian Fighter began the quest for the Orb.
     0 | D:1      | Reached XP level 1. HP: 19/19 MP: 1/1
     0 | D:1      | Noticed a barachi
     0 | D:1      | Noticed a felid
     1 | D:1      | Noticed a felid
     3 | D:1      | Noticed an octopode
     3 | D:1      | Noticed a demonspawn
     6 | D:1      | Noticed a human
     7 | D:1      | Noticed an octopode
     8 | D:1      | Noticed a vampire
     9 | D:1      | Noticed an elf
    11 | D:1      | Noticed an ogre
    15 | D:1      | Noticed a vine stalker
    15 | D:1      | Noticed a felid
    17 | D:1      | Noticed a gargoyle
    17 | D:1      | Noticed a demigod
    19 | D:1      | Noticed a formicid
    19 | D:1      | Noticed a ghoul
    21 | D:1      | Noticed a dwarf
   438 | D:1      | Reached XP level 2. HP: 26/26 MP: 2/2
   844 | D:2      | Noticed Robin
   938 | D:1      | Reached XP level 3. HP: 8/33 MP: 3/3
   943 | D:1      | HP: 1/33 [Robin (2)]
   950 | D:1      | Killed Robin
  1291 | D:1      | Upgraded the game from 0.28-a0-1389-gc726bef33b to
                  | 0.28-a0-1395-g4f6bc678fa
  1308 | D:1      | Reached skill level 1 in Short Blades
  1444 | D:2      | Noticed Terence
  1452 | D:2      | Killed Terence
  1453 | D:2      | Reached XP level 4. HP: 39/40 MP: 4/4
  2102 | D:3      | You fall into a shaft and drop 3 floors!
  2102 | D:6      | Noticed a scorpion
  2113 | D:6      | Killed a scorpion
  2114 | D:6      | Reached XP level 5. HP: 39/46 MP: 5/5
  2192 | D:5      | Entered Level 5 of the Dungeon
  2192 | D:5      | Noticed a yak
  2192 | D:5      | Noticed a yak
  2192 | D:5      | Noticed a yak
  2192 | D:5      | Noticed a yak
  2325 | D:6      | Noticed Prince Ribbit
  2373 | D:6      | Killed Prince Ribbit
  2374 | D:6      | Reached skill level 1 in Throwing
  2374 | D:6      | Reached XP level 6. HP: 8/53 MP: 6/6
  2650 | D:6      | Your scales start taking on a glossy black colour.
  2650 | D:6      | Reached XP level 7. HP: 50/60 MP: 7/7
  2650 | D:6      | Gained mutation: You are resistant to electric shocks.
                  | (rElec) [Black Draconian growth]
  3089 | D:4      | Reached skill level 3 in Axes
  3089 | D:4      | Reached skill level 5 in Dodging
  3171 | D:4      | Found Qaidgh's Antique Armour Shoppe.
  3245 | D:3      | Reached skill level 5 in Fighting
  3622 | D:4      | Noticed Menkaure
  3623 | D:4      | Noticed Natasha
  3629 | D:4      | Killed Menkaure
  3629 | D:4      | Killed Natasha
  3630 | D:4      | Reached skill level 4 in Axes
  3630 | D:4      | Reached XP level 8. HP: 41/68 MP: 8/8
  3940 | D:3      | Noticed Grinder
  3957 | D:3      | Killed Grinder
  4034 | D:3      | Gained mutation: You expend magic power (3 MP) to
                  | strengthen your wands. [potion of mutation]
  4034 | D:3      | Gained mutation: Your flesh is heat resistant. (rF+)
                  | [potion of mutation]
  4034 | D:3      | Gained mutation: You are agile. (Dex +2) [potion of
                  | mutation]
  4357 | D:4      | Reached skill level 5 in Axes
  4489 | D:4      | Lost mutation: You expend magic power (3 MP) to strengthen
                  | your wands. [potion of mutation]
  4489 | D:4      | Lost mutation: You are agile. (Dex +2) [potion of mutation]
  4489 | D:4      | Gained mutation: You have a pair of small horns on your
                  | head. [potion of mutation]
  4489 | D:4      | Gained mutation: Your tail ends in a venomous barb. [potion
                  | of mutation]
  4584 | D:4      | Reached skill level 5 in Shields
  4705 | D:4      | Noticed Natasha
  4713 | D:4      | Killed Natasha
  4731 | D:4      | Reached skill level 6 in Axes
  4878 | D:4      | Noticed Natasha
  4885 | D:4      | Killed Natasha
  5205 | D:5      | Found a glowing silver altar of Zin.
  5230 | D:5      | Noticed Blork the orc
  5248 | D:5      | Killed Blork the orc
  5633 | D:5      | Found a staircase to the Ecumenical Temple.
  5643 | Temple   | Entered the Ecumenical Temple
  6167 | Temple   | Became a worshipper of Xom of Chaos
  6234 | D:5      | XOM: divination: detect creatures
  6336 | D:5      | XOM: confuse monster(s)
  6344 | D:5      | Reached XP level 9. HP: 22/75 MP: 9/9
  6345 | D:5      | Reached skill level 7 in Axes
  6412 | D:4      | XOM: noise
  7187 | D:6      | XOM: scenery: summon butterflies
  7425 | D:6      | Reached skill level 8 in Axes
  7721 | D:6      | XOM: give mutation
  7721 | D:6      | Gained mutation: You are robust. (+10% HP) [Xom's grace]
  7782 | D:6      | XOM: potion effect (brilliance)
  8016 | D:6      | Found an opulent altar of Gozag.
  8112 | D:6      | XOM: god gift: 3 scrolls of fog
  8150 | D:6      | XOM: cloud trail
  8258 | D:6      | XOM: god gift: staff of cold
  8345 | D:7      | XOM: polymorph bullfrog -> swamp drake
  8741 | D:8      | XOM: scenery: 2 doors open
  8751 | D:8      | XOM: cleaving
  8821 | D:8      | XOM: scenery: 1 doors close
  8871 | D:8      | XOM: 4-stop teleportation journey
  8879 | D:8      | Found a flagged portal.
  8952 | Bailey   | Entered a bailey
  8994 | Bailey   | XOM: potion effect (invisibility)
  9202 | Bailey   | XOM: noise
  9203 | Bailey   | XOM: divination: magic mapping
  9226 | Bailey   | XOM: enchant monster (good)
  9228 | Bailey   | XOM: divination: magic mapping
  9235 | Bailey   | Reached XP level 10. HP: 14/94 MP: 10/10
  9555 | Bailey   | XOM: 1-stop teleportation journey
  9560 | Bailey   | Reached skill level 9 in Axes
  9683 | Bailey   | XOM: 1-stop teleportation journey
 10239 | D:8      | XOM: enchant monster (bad)
 10250 | D:7      | XOM: enchant monster (bad)
 10256 | D:7      | XOM: confusion
 10260 | D:7      | XOM: enchant monster (bad)
 10262 | D:7      | XOM: summons friendly shadow imp
 10391 | D:7      | XOM: god gift: wand of polymorph (5)
 10445 | D:7      | XOM: 9-stop teleportation journey
 10601 | D:8      | XOM: god gift: 21 stones
 10668 | D:8      | XOM: scenery: summon butterflies
 10729 | D:8      | XOM: give mutations
 10729 | D:8      | Gained mutation: You have large cloven feet. [Xom's grace]
 10729 | D:8      | Gained mutation: You are somewhat resistant to further
                  | mutation. [Xom's grace]
 10729 | D:8      | Gained mutation: Your system is resistant to poisons.
                  | (rPois) [Xom's grace]
 10729 | D:8      | Gained mutation: Your tail ends in a sharp venomous barb.
                  | [Xom's grace]
 10750 | D:7      | XOM: 8-stop teleportation journey
 10963 | D:6      | XOM: cloud trail
 11266 | D:7      | XOM: divination: detect items
 11268 | D:7      | XOM: confuse monster(s)
 11284 | D:7      | XOM: draining
 11293 | D:7      | Reached skill level 10 in Axes
 11387 | D:7      | XOM: summons friendly quasit
 11398 | D:7      | XOM: blink monster(s)
 11408 | D:7      | XOM: enchant monster (bad)
 11412 | D:7      | Slain by a hellwing

Illustrated notes

Levels and vault maps discovered:
D:1:      shiori_arrival_whats_in_store_for_you, layout_basic,
          lemuel_old_faithful
D:2:      layout_rooms, due_unseen_surprise, uniq_terence, uniq_robin
D:3:      layout_loops_ring, uniq_grinder
D:4:      layout_rooms, serial_shops, nicolae_stop_n_shop_2,
          kennysheep_crisscross, uniq_natasha, uniq_menkaure
D:5:      layout_loops_ring, zin_academy, minmay_temple_entry_large_hall,
          portal_sewer_entry_b, corexii_corridor_pit, uniq_blork_the_orc
D:6:      layout_loops_corners, chequers_big_river, kennysheep_flooded_box,
          uniq_prince_ribbit1
D:7:      cheibrodos_grave_circle, layout_cave_pools, serial_gnoll_camp,
          gnoll_camp_mini_shop, gnoll_camp_mini_hut, gnoll_camp_huts_basic,
          gnoll_camp_mini_loothouse, gnoll_camp_mini_house,
          nicolae_figureground_sparkle
D:8:      layout_gridville, enter_bailey_8
Temple:   mainiacjoe_temple_cubbyholes

Skill      XL: |  1  2  3  4  5  6  7  8  9 10 |
---------------+-------------------------------+-----
Dodging        | 3 4 5 6 7 8 |  8.1
Short Blades   | 1 2 3 |  3.2
Fighting       | 4 5 6 7 8 |  8.2
Throwing       | 1 2 |  2.4
Shields        | 4 5 6 |  6.6
Axes           | 4 6 8 10 | 10.2
Evocations     | |  0.4

Action                   |  1- 3 |  4- 6 |  7- 9 | 10-12 || total
-------------------------+-------+-------+-------+-------++-------
Melee: War axe           |    19 |     6 |   331 |   150 ||   506
       Dagger            |   100 |    76 |    14 |       ||   190
       Tailslap          |     9 |    14 |    48 |    23 ||    94
       Headbutt          |       |       |    41 |    30 ||    71
Throw: Boomerang         |       |    13 |    14 |       ||    27
       Throwing net      |       |       |     1 |       ||     1
 Abil: Breathe Lightning |       |       |     9 |     1 ||    10
Evoke: Wand              |       |       |     3 |     2 ||     5
  Use: Potion            |     2 |     2 |     3 |     6 ||    13
       Scroll            |       |     5 |     7 |     3 ||    15
 Stab: Invisible         |       |       |     1 |     3 ||     4
       Sleeping          |       |       |     1 |       ||     1
       Confused          |       |       |       |     1 ||     1
Armor: Skin              |    58 |    15 |    87 |    61 ||   221
Dodge: Dodged            |   104 |    41 |   274 |   181 ||   600
Block: Buckler           |    45 |    20 |   108 |    67 ||   240

Table legend: (Time is in decaauts)
 A = Elapsed time spent in this place.
 B = Non-inter-level travel time spent in this place.
 C = Inter-level travel time spent in this place.
 D = Time resting spent in this place.
 E = Time spent auto-exploring this place.
 F = Levels seen in this place.
 G = Mean time per level.
                   A        B        C        D        E       F      G
               +--------+--------+--------+--------+--------+-----+--------+
         Total |  11531 |  11122 |    409 |   4359 |   3988 |  10 | 1153.1 |
       Dungeon |   9746 |   9386 |    360 |   3659 |   3685 |   8 | 1218.2 |
        Temple |    573 |    524 |     49 |      0 |    303 |   1 |  573.0 |
        Bailey |   1211 |   1211 |      0 |    700 |      0 |   1 | 1211.0 |
               +--------+--------+--------+--------+--------+-----+--------+

Top non-repeatable levels by time:
     D:6: 2668 daAuts
     D:4: 1365 daAuts
     D:1: 1314 daAuts
     D:5: 1241 daAuts
  Bailey: 1211 daAuts
     D:3: 1193 daAuts
     D:7: 770 daAuts
     D:2: 631 daAuts
  Temple: 573 daAuts
     D:8: 561 daAuts
